 Dungeon Crawl Stone Soup version 0.29.0-13-gc9e81de378 (webtiles) character file.

Game seed: 5654674498664155425

1485 Strat the Grappler (level 8, -2/68 HPs)
             Began as a Ghoul Summoner on Sept 8, 2022.
             Was an Initiate of Yredelemnul.
             Slain by a wight
             ... wielding a +2 vorpal long sword
              (10 damage)
             ... on level 7 of the Dungeon.
             The game lasted 00:14:09 (7595 turns).

Strat the Grappler (Ghoul Summoner)                 Turns: 7595, Time: 00:14:10

Health: -2/68      AC: 10    Str: 14    XL:     8   Next: 79%
Magic:  9/9        EV: 10    Int: 10    God:    Yredelemnul [......]
Gold:   285        SH:  0    Dex:  9    Spells: 6/10 levels left

rFire   . . .      SeeInvis .     - Unarmed
rCold   + . .      Faith    .   (no shield)
rNeg    + + +      Spirit   .   w - +1 ring mail
rPois   ∞          Reflect  .   (no helmet)
rElec   .          Harm     .   (no cloak)
rCorr   .          Rampage  .   (no gloves)
Will    .....                   (no boots)
Stlth   +.........              (no amulet)
HPRegen 0.00/turn               l - +4 ring of protection
MPRegen 0.11/turn               e - +4 ring of slaying

@: inhibited regen, hasted, very quick
A: claws 1, cold resistance 1, negative energy resistance 3, inhibited
regeneration, torment resistance 2, devour on kill
a: Renounce Religion, Recall Undead Harvest


You were on level 7 of the Dungeon.
You worshipped Yredelemnul.
Yredelemnul was noncommittal.
You visited 1 branch of the dungeon, and saw 7 of its levels.

You collected 285 gold pieces.

Inventory:

Missiles
 c - 4 datura-tipped darts
 n - 2 atropa-tipped darts
 t - 3 boomerangs
 x - 14 poisoned darts
Armour
 a - a +0 robe
 p - a +0 leather armour
 w - a +1 ring mail (worn)
Jewellery
 e - a +4 ring of slaying (right claw)
 l - a +4 ring of protection (left claw)
 v - a ring of protection from fire
 z - a +6 ring of intelligence
Scrolls
 f - a scroll of amnesia
 g - 3 scrolls of teleportation
 k - 2 scrolls of vulnerability
 m - a scroll of silence
 s - a scroll of blinking
 u - a scroll of enchant armour
 y - a scroll of immolation
Potions
 b - 4 potions of magic
 d - a potion of curing
 h - 3 potions of mutation
 i - a potion of degeneration {unknown}
 j - 2 potions of haste
 o - a potion of berserk rage {unknown}
 q - a potion of heal wounds {unknown}
 r - a potion of resistance {unknown}
 C - a potion of flight {unknown}


   Skills:
 - Level 5.0 Fighting
 - Level 4.0 Armour
 - Level 1.7 Dodging
 - Level 2.1 Stealth
 + Level 9.0 Unarmed Combat
 - Level 1.7 Spellcasting
 - Level 3.6 Summonings


You had 6 spell levels left.
You knew the following spells:

 Your Spells              Type           Power      Damage    Failure   Level
a - Summon Small Mammal   Summ           32%        N/A       14%         1
b - Call Imp              Summ           8%         N/A       22%         2
c - Freeze                Ice            0%         1d3       52%         1

Your spell library contained the following spells:

 Spells                   Type           Power      Damage    Failure   Level
 Call Canine Familiar     Summ           8%         N/A       38%         3
 Necrotise                Necr           0%         1d4       52%         1
 Summon Guardian Golem    Hex/Summ       4%         N/A       65%         3
 Scorch                   Fire           0%         2d5       67%         2
 Frozen Ramparts          Ice            0%         1d1       88%         3
 Ozocubu's Armour         Ice            0%         N/A       88%         3
 Vampiric Draining        Necr           0%         2d6       88%         3
 Summon Lightning Spire   Summ/Air       4%         N/A       96%         4
 Flame Wave               Conj/Fire      0%         2d4       99%         4
 Hailstorm                Conj/Ice       0%         3d3       99%         4
 Agony                    Necr           0%         N/A       100%        5
 Summon Cactus Giant      Summ           4%         N/A       100%        6
 Haunt                    Necr/Summ      2%         N/A       100%        7
 Ozocubu's Refrigeration  Ice            0%         4d7       100%        7
 Infestation              Necr           0%         N/A       100%        8
 Animate Dead             Necr           Unusable   N/A       N/A         4

Dungeon Overview and Level Annotations

Branches:
Dungeon (7/15)             Temple (0/1) D:5

Altars:
Ashenzari
Cheibriados
Fedhas
Ru
Sif Muna
Trog
Uskayaw
Wu Jian
Yredelemnul

Shops:
D:7 :

Annotations:
D:3 Grinder


Innate Abilities, Weirdness & Mutations

You are immune to poison.
You have sharp fingernails.
Your flesh is cold resistant. (rC+)
You are immune to negative energy. (rN+++)
You do not regenerate when monsters are visible.
You are immune to unholy pain and torment.
You thrive by killing the living.


Message History

The wight attacks as you move away!
The wight hits you with a +2 vorpal long sword!
* * * LOW HITPOINT WARNING * * *
x2
There is a stone staircase leading down here.
You climb downwards.
The hound barks!
Found 45 gold pieces.
There is a stone staircase leading up here.
You scratch the wight.
The wight is lightly damaged.
The wight barely misses you.
You barely miss the wight.
The wight is lightly damaged.
The wight hits you with a +2 vorpal long sword!
* * * LOW HITPOINT WARNING * * *
x2 You barely miss the wight.
The wight is lightly damaged.
You barely miss the wight.
The wight is lightly damaged.
The wight hits you with a +2 vorpal long sword.
* * * LOW HITPOINT WARNING * * *
x2 The hound bites you.
* * * LOW HITPOINT WARNING * * *
It was a potion of haste.
You feel yourself speed up. The hound closely misses you.
The wight hits you with a +2 vorpal long sword.
* * * LOW HITPOINT WARNING * * *
x2 The hound bites you but does no damage.
You feel better.
The wight hits you with a +2 vorpal long sword.
* * * LOW HITPOINT WARNING * * *
x2 The hound bites you but does no damage.
You feel better.
The wight hits you with a +3 long sword!
* * * LOW HITPOINT WARNING * * *
The hound barely misses you.
You scratch the wight but do no damage. Your claw misses the wight.
The wight hits you with a +2 vorpal long sword!
You die...
Yredelemnul claims you as an undead slave.

.... .. .# .. .. ....##..
... #.##.. .....#..
....#.#..## #......
....#.....# .
......####.........###..
#........#........$$$...
................z.$∩$...
.........Zz###.z@h$$$...
............#.........#.
..........#.##..........
....##...#..#..z...##.#.
#...#.......#......# #
)..##...##.........##
...##...............###
.......).###...#......#.#
......)..###..##z........


You could see a hound and 3 wights.

Vanquished Creatures
  A steam dragon (D:4)
  A water moccasin (D:6)
  An ogre (D:6)
  A kobold brigand (D:5)
  A bullfrog (D:5)
  4 scorpions
  3 hounds (D:6)
  An orc priest (D:7)
  2 jellies
  An iguana (D:5)
  6 orc wizards
  7 gnolls
  6 adders
  A white imp (D:6)
  A worm (D:5)
  A dart slug (D:3)
  18 orcs
  6 bats
  6 endoplasms
  6 goblins
  6 hobgoblins
  2 jackals (D:2)
  A quokka (D:2)
  7 ball pythons
  2 frilled lizards
  14 kobolds
  5 rats
111 creatures vanquished.

Vanquished Creatures (collateral kills)
  2 scorpions
  Jessica (D:2)
  4 gnolls
  2 worms
  4 orcs
  2 ball pythons (D:1)
  An endoplasm (D:1)
  A bat (D:2)
  A kobold (D:1)
  A rat (D:1)
19 creatures vanquished.

Vanquished Creatures (others)
  A scorpion zombie (D:6)
  An ogre zombie (D:6)
  2 hound zombies (D:6)
  3 gnoll zombies
  9 orc zombies
  60 plants (D:6)
76 creatures vanquished.

Grand Total: 206 creatures vanquished

Notes
Turn   | Place    | Note
-------+----------+-------------------------------------------
     0 | D:1      | Strat the Ghoul Summoner began the quest for the Orb.
     0 | D:1      | Reached XP level 1. HP: 14/14 MP: 2/2
   214 | D:1      | Reached skill level 1 in Fighting
   214 | D:1      | Reached skill level 1 in Unarmed Combat
   330 | D:1      | Reached XP level 2. HP: 23/23 MP: 1/3
   357 | D:1      | Learned a level 2 spell: Call Imp
   359 | D:1      | Learned a level 1 spell: Freeze
   857 | D:1      | Reached XP level 3. HP: 26/29 MP: 2/4
  1085 | D:2      | Reached skill level 2 in Unarmed Combat
  1453 | D:2      | Noticed Jessica
  1458 | D:2      | Killed Jessica
  1459 | D:2      | Reached skill level 3 in Unarmed Combat
  1459 | D:2      | Reached XP level 4. HP: 36/36 MP: 2/5
  2079 | D:2      | Reached skill level 4 in Unarmed Combat
  2159 | D:2      | Found a faded altar of an unknown god.
  2463 | D:2      | Reached XP level 5. HP: 41/41 MP: 3/6
  2665 | D:2      | Found the +1 Delatra's gloves {ID++}
  2917 | D:3      | Noticed Grinder
  3146 | D:4      | Reached skill level 5 in Unarmed Combat
  3298 | D:4      | Found a blossoming altar of Fedhas.
  3785 | D:4      | Reached skill level 6 in Unarmed Combat
  3785 | D:4      | Reached XP level 6. HP: 37/48 MP: 4/7
  3916 | D:4      | Noticed a steam dragon
  3962 | D:4      | Found a broken altar of Ashenzari.
  3962 | D:4      | Found a hide-covered altar of Uskayaw.
  3965 | D:4      | Found a basalt altar of Yredelemnul.
  3967 | D:4      | Found a shimmering blue altar of Sif Muna.
  3981 | D:4      | Became a worshipper of Yredelemnul the Dark
  4333 | D:4      | Killed a steam dragon
  4333 | D:4      | Reached * piety under Yredelemnul
  4334 | D:4      | Reached skill level 1 in Armour
  4334 | D:4      | Reached XP level 7. HP: 47/56 MP: 8/8
  4508 | D:5      | Entered Level 5 of the Dungeon
  5035 | D:5      | Found a sacrificial altar of Ru.
  5174 | D:5      | Reached skill level 7 in Unarmed Combat
  5207 | D:5      | Reached ** piety under Yredelemnul
  5307 | D:5      | Found a staircase to the Ecumenical Temple.
  5367 | D:6      | Found a bloodstained altar of Trog.
  5425 | D:6      | Found a snail-covered altar of Cheibriados.
  5548 | D:6      | Reached XP level 8. HP: 62/67 MP: 6/9
  6366 | D:6      | Reached skill level 5 in Fighting
  6451 | D:6      | Found an ornate altar of the Wu Jian Council.
  6603 | D:6      | Reached skill level 8 in Unarmed Combat
  7451 | D:7      | Reached skill level 9 in Unarmed Combat
  7571 | D:7      | Found Vileuluw's Book Emporium.
  7595 | D:7      | Slain by a wight

Illustrated notes

Levels and vault maps discovered:
D:1:      onia_arrival_pyramid, layout_basic
D:2:      minmay_chambers_of_ones, layout_basic, serial_aquarium,
          aquarium_bridge_long_separate [aquarium_subvault_bridge,
          aquarium_subvault_wall, aquarium_subvault_wall,
          aquarium_subvault_bridge, aquarium_subvault_wall,
          aquarium_subvault_wall], aquarium_bridge_island_small
          [aquarium_subvault_small_open, aquarium_subvault_window,
          aquarium_subvault_wall, aquarium_subvault_wall,
          aquarium_subvault_bridge], aquarium_window_3, aquarium_window_fake,
          aquarium_window_1, aquarium_window_fake, aquarium_view_2c,
          aquarium_pool_split, shapermc_ecumenical_altar_notcrosses,
          pf_guarded_unrand_delatra, uniq_jessica
D:3:      layout_basic, st_stairs_6, uniq_grinder
D:4:      layout_layer_cave, kennysheep_mini_moat, minitemple
D:5:      layout_basic, mainiacjoe_overflow_paths,
          minmay_temple_entry_nine_rooms
D:6:      layout_basic, marbit_many_paths, mainiacjoe_overflow_catch_the_wave,
          st_stairs_11
D:7:      cheibrodos_quashed, layout_cave_pools, serial_shops, shop_coins,
          minivault_19, kennysheep_small_square, uniq_joseph

Skill      XL: |  1  2  3  4  5  6  7  8 |
---------------+-------------------------+-----
Fighting       | 1 2 4 5 |  5.0
Unarmed Combat | 1 3 4 6 7 9 |  9.0
Armour         | 1 3 4 |  4.0
Dodging        | |  1.7
Stealth        | |  2.1
Spellcasting   | |  1.7
Summonings     | |  3.6

Action                   |  1- 3 |  4- 6 |  7- 9 || total
-------------------------+-------+-------+-------++-------
Melee: Unarmed           |    66 |   116 |   182 ||   364
       Punch             |       |     4 |     7 ||    11
 Cast: Summon Small Mamm |     7 |     2 |       ||     9
       Call Imp          |     5 |    16 |     6 ||    27
  Use: Scroll            |       |     6 |     8 ||    14
       Potion            |       |       |     5 ||     5
 Stab: Distracted        |     2 |     1 |     1 ||     4
       Sleeping          |       |     6 |     1 ||     7
Armor: Robe              |    12 |       |       ||    12
       Leather armour    |       |    36 |    45 ||    81
       Ring mail         |       |       |    24 ||    24
Dodge: Dodged            |    45 |    52 |   106 ||   203
